Map: Para Site LE

Players

FisterRoboto - Winner!

  • Race: Zerg Zerg
  • League: Diamond
  • Spawn Location: 5:00

BamBam

  • Race: Protoss Protoss
  • League: Master
  • Spawn Location: 11:00

VOD

Have the link to the VOD?

Description

Time

  • Played on: Aug. 26, 2018, 1:12 a.m.
  • Length: 8:05
Show
View Real Time Build Order
Export as new Build Order

FisterRoboto Zerg - Winner!

Build Orders: Hatch First 

Get SALT Encoding   

  12  0:02  Drone  
  13  0:12  Overlord  
  13  0:17  Drone  
  14  0:30  Drone x2  
  16  0:48  Hatchery  
  15  0:51  Drone  
  15  0:54  Drone  
  17  0:58  Drone  
  18  1:08  Extractor  
  17  1:14  Spawning Pool  
  17  1:16  Drone  
  17  1:20  Drone  
  18  1:28  Drone  
  19  1:43  Drone  
  20  1:57  Overlord  
  20  2:02  Queen  
  20  2:03  Queen  
  20  2:04  Zergling x4  
  26  2:11  Drone x2  
  28  2:17  Metabolic Boost  
  28  2:22  Drone x2  
  30  2:44  Hatchery  
  30  2:47  Drone  
  30  2:48  Overlord, Drone  
  31  2:51  Drone  
  31  2:52  Queen  
  31  2:55  Drone  
  31  2:57  Drone  
  36  3:10  Queen  
  36  3:11  Drone  
  36  3:12  Drone  
  40  3:16  Drone x2  
  42  3:26  Drone x2  
  44  3:35  Spore Crawler  
  44  3:36  Spore Crawler  
  42  3:42  Queen  
  44  3:51  Overlord x2  
  43  3:55  Queen  
  43  4:01  Drone x5  
  50  4:09  Queen  
  52  4:11  Drone x5  
  57  4:19  Spore Crawler  
  57  4:20  Extractor  
  57  4:21  Lair, Roach Warren  
  57  4:23  Drone x2  
  56  4:36  Drone x2  
  56  4:37  Overlord  
  56  4:38  Overlord x2  
  58  4:42  Extractor  
  58  4:44  Extractor  
  56  4:48  Drone  
  56  4:49  Overlord x2, Drone  
  58  4:56  Drone  
  58  4:57  Drone x6  
  65  5:02  Drone  
  65  5:03  Drone x2  
  68  5:16  Drone x3  
  68  5:18  Drone  
  68  5:20  Roach  
  68  5:21  Roach x2  
  80  5:28  Roach  
  80  5:29  Roach x4  
  80  5:30  Overlord  
  88  5:37  Roach  
  88  5:39  Overlord  
  88  5:40  Glial Reconstitution  
  90  5:46  Overlord x2  
  90  5:54  Roach x2  
  94  5:59  Overlord x2  
  94  6:06  Roach x7  
  94  6:08  Roach x3  
  114  6:14  Roach  
  114  6:17  Overlord  
  116  6:19  Overlord  
  116  6:25  Overlord  
  116  6:31  Roach x2  
  120  6:36  Zergling x2  
  120  6:37  Zergling x10  
  120  6:38  Ravager x6  
  132  6:41  Zergling x8  
  132  6:45  Zergling x2  
  137  6:48  Zergling x2  
  137  6:51  Zergling x2  
  139  6:56  Ravager  
  139  6:58  Zergling x2  
  140  7:13  Zergling x22  
  142  7:20  Zergling x4  
  132  7:32  Zergling x18  
Show
View Real Time Build Order
Export as new Build Order

BamBam Protoss 

Build Orders: Phoenix Opening 

Get SALT Encoding   

  12  0:01  Probe  
  13  0:13  Probe  
  14  0:19  Pylon  
  14  0:25  Probe  
  15  0:33  Probe  
  15  0:41  Probe  
  17  0:52  Probe  
  18  1:04  Probe  
  19  1:09  Nexus  
  19  1:16  Probe  
  20  1:19  Gateway  
  20  1:23  Assimilator  
  20  1:28  Probe  
  21  1:33  Pylon  
  21  1:40  Probe  
  21  1:42  Assimilator  
  22  1:50  Probe  
  22  1:53  Gateway  
  23  1:58  Probe  
  23  2:06  Probe  
  24  2:11  Cybernetics Core  
  25  2:21  Probe x2  
  27  2:33  Probe x2  
  29  2:38  Warp Gate, Adept x2  
  29  2:45  Probe x2  
  35  2:54  Stargate  
  35  3:02  Probe x2  
  35  3:03  Pylon  
  37  3:08  Adept  
  37  3:11  Adept  
  41  3:14  Probe x2  
  43  3:21  Pylon  
  43  3:26  Probe x2  
  45  3:36  Phoenix  
  47  3:53  Nexus  
  47  3:55  Adept x2  
  49  3:56  Probe x2, Pylon  
  49  3:59  Assimilator  
  49  4:00  Oracle  
  49  4:01  Assimilator  
  53  4:10  Probe x2  
  54  4:17  Pylon  
  54  4:18  Shield Battery  
  54  4:21  Shield Battery  
  54  4:24  Probe x2  
  56  4:32  Probe x2  
  58  4:40  Probe x2  
  60  4:48  Robotics Facility, Stargate  
  60  4:51  Probe x2  
  62  4:56  Gateway  
  62  5:01  Probe  
  62  5:02  Adept x2  
  62  5:03  Probe  
  62  5:06  Probe  
  69  5:09  Probe  
  70  5:16  Probe  
  70  5:18  Fleet Beacon  
  68  5:39  Robotics Bay  
  68  5:44  Gateway  
  68  5:45  Carrier  
  68  5:47  Gateway  
  68  5:48  Probe x3  
  68  5:49  Gateway, Assimilator  
  71  5:51  Gateway  
  71  5:52  Carrier  
  71  5:53  Pylon  
  71  6:00  Probe x2  
  71  6:03  Stalker x2  
  83  6:16  Probe x2  
  91  6:20  Assimilator, Probe  
  91  6:25  Graviton Catapult  
  92  6:26  Colossus  
  92  6:28  Probe  
  99  6:40  Pylon  
  99  6:42  Probe x2, Pylon x2  
  101  6:54  Pylon  
  101  7:02  Stalker x5  
  101  7:05  Stalker  
  100  7:36  Sentry  
  94  7:38  Zealot, Stalker x2  
  94  7:39  Zealot x2  
  86  7:46  Probe x3  
  77  8:00  Zealot x4  
  77  8:01  Zealot x2  
Tags
 
Add a new tag
Caveats
  • Supply blocks, unpowered buildings, or Contaminate may cause inaccurate times.
  • Supply counts are checked every 10 seconds.